Vis, lawful male human Archeologist ---- ---- --..| |..-- ---- |...-- |...| --..---- ---....| |..^| |....|.-- |...|.-- |...|--- --......| ---.--|.|---...|..| |...|..| |...| |.||.......-- --#.------ ----).-- |>||.--^.--- --..-- -@...-- |.||.||.-- |...---- |ha*-.- |.||.||.--- |....|.-- ....... |.||.||...------.....(.| .... |.||.||.....--.........-- |.||)||.................| |.||.||........---......| |.||.|--(......| |.....-- |.--.| --...^.-| |.....| |....| ---....| |..---- ---<.| --..-- |..| |..| ---- ---- ---- Vis the Field Worker Experience level: 5 Strength: 11 Dexterity: 13 Constitution: 13 Intelligence: 14 Wisdom: 17 Charisma: 7 Health: 0(34) Energy: 14(14) Def: 0 Gold: 406 Moves: 1287 Dungeon seed: DUI7YThqYRMILJNh Game ID: Vis_1434032665 Your Inventory: Coins $ - 406 gold pieces Weapons a - a +2 bullwhip (alternate weapon; not wielded) h - a +0 boomerang (in quiver) i - a +0 orcish dagger w - a cursed +0 orcish dagger Armor c - an uncursed burnt +0 leather jacket (being worn) n - an uncursed +0 fedora (being worn) Comestibles b - 3 uncursed food rations k - an uncursed cram ration r - 2 uncursed lichen corpses A - an uncursed fortune cookie C - an uncursed lembas wafer Scrolls m - an uncursed scroll of enchant armor o - a blessed scroll of enchant armor t - 2 uncursed scrolls of scare monster x - an uncursed scroll of genocide K - an uncursed scroll of fire Spellbooks l - an uncursed spellbook of create familiar Potions p - a cursed potion of healing u - an uncursed potion of sickness v - an uncursed potion of fruit juice D - an uncursed potion of oil J - a cursed potion of gain ability Wands M - a wand of sleep (0:5) Tools d - a tinning kit (0:77) e - a +0 pick-axe (weapon in hand) f - an uncursed sack j - an uncursed lock pick q - an uncursed tin opener G - an uncursed oil lamp (lit) (0:909) N - an uncursed tallow candle (0:200) Gems g - an uncursed touchstone y - an uncursed worthless piece of yellowish brown glass z - an uncursed worthless piece of black glass Y - an uncursed worthless piece of orange glass Spells known in the end: Name Level Category Fail Memory Your skills at the end: Fighting Skills Weapon Skills pick-axe [Basic] boomerang [Basic] whip [Basic] Spellcasting Skills Final Attributes: You had sinned. You were stealthy. You were fast. You are dead. Vanquished creatures: a gnome lord a kitten 4 acid blobs a coyote a gas spore a large kobold 2 yellow molds a green mold 9 gnomes 3 jackals a kobold 2 goblins 3 sewer rats 2 lichens 7 newts 39 creatures vanquished. Voluntary challenges: You used a wielded weapon 61 times, starting on turn 1. You read items or engraved 2 times, starting on turn 1236. You never genocided any monsters. You never polymorphed an object. You never changed form. You used no wishes. You never split a pudding. You never wrote Elbereth's name. You violated your moral code, losing 15 points of alignment, starting on turn 727. Dungeon overview: The Dungeons of Doom: levels 1 to 4 Level 1 some fountains a long staircase Level 2 Level 3 Level 4 some fountains stairs to The Gnomish Mines The Gnomish Mines: Level 5 <- You were here stairs to The Dungeons of Doom History has recorded: On T:1 you entered the Dungeons of Doom to retrieve the Amulet of Yendor! On T:215 you reached level 2 of The Dungeons of Doom. On T:424 you advanced to experience level 2. On T:455 you reached level 3 of The Dungeons of Doom. On T:727 you advanced to experience level 3. On T:734 you advanced to experience level 4. On T:886 you reached level 4 of The Dungeons of Doom. On T:1122 you reached level 1 of The Gnomish Mines. On T:1263 you advanced to experience level 5. Score breakdown: Gold: 406 ( 8876 points) Experience: 5 levels (11141 points) Exploration: 5 levels ( 10.20%) ( 8660 points) Discoveries: 5 items ( 1.67%) ( 3879 points) Valuables value: (no points given unless you survive) Artifact value: 0 ( 0 points) Variety of kills: 15 monsters ( 3.96%) ( 5968 points) Time penalty: 1287 turns ( 0 points) Survival: died (score multiplied by 80%) Total score: 30819 Latest messages: You begin praying to Quetzalcoatl. You are beginning to feel weak. The giant ant misses the bugbear. The bugbear hits! You die... Final status: Goodbye Vis the Archeologist, killed by a bugbear, while praying... You died in The Gnomish Mines on dungeon level 5 with 30819 points, and 406 pieces of gold, after 1287 moves. You were level 5 with a maximum of 34 hit points when you died.